 Dungeon Crawl Stone Soup version 0.28-a0-1518-gbe868bca14 (webtiles) character file.

Game seed: 15559731885727337275

116 dolemite99 the Chopper (level 5, 0/43 (45) HPs)
             Began as a Hill Orc Fighter on Jan 16, 2022.
             Was a Believer of Lugonu.
             Slain by a wight (2 damage)
             ... on level 6 of the Dungeon.
             The game lasted 00:03:16 (3274 turns).

dolemite99 the Chopper (Hill Orc Fighter)           Turns: 3274, Time: 00:03:17

HP:   0/43 (45)     AC:  6    Str: 21    XL:     5   Next: 1%
MP:   5/5           EV:  9    Int:  8    God:    Lugonu [**....]
Gold: 105           SH:  4    Dex: 10    Spells: 4/4 levels left

rFire   . . .      SeeInvis .   a - +0 war axe
rCold   . . .      Faith    .   c - +0 buckler
rNeg    . . .      Spirit   .   b - +0 scale mail
rPois   .          Reflect  .   (no helmet)
rElec   .          Harm     .   (no cloak)
rCorr   .          Rampage  .   (no gloves)
Will    .....                   (no boots)
Stlth   ..........              (no amulet)
HPRegen 0.14/turn               (no ring)
MPRegen 0.09/turn               (no ring)

@: mighty, lightly drained
A: no striking features
a: Renounce Religion, Depart the Abyss, Bend Space


You were on level 6 of the Dungeon.
You worshipped Lugonu.
Lugonu was pleased with you.
You visited 1 branch of the dungeon, and saw 6 of its levels.

You collected 105 gold pieces.

Inventory:

Hand Weapons
 a - a +0 war axe (weapon)
Missiles
 e - 22 arrows
 k - 46 stones (quivered)
 m - 15 bolts
 n - 26 sling bullets
Armour
 b - a +0 scale mail (worn)
 c - a +0 buckler (worn)
Wands
 j - a wand of mindburst (18)
Scrolls
 h - a scroll of blinking
 i - a scroll of holy word {unknown}
 l - a scroll of fog
Potions
 f - 5 potions of curing
 g - a potion of attraction {unknown}
 o - a potion of lignification {unknown}


   Skills:
 - Level 3.6 Fighting
 + Level 6.6 Axes
 - Level 3.2 Armour
 - Level 3.2 Shields


You had 4 spell levels left.
You didn't know any spells.
Your spell library contained the following spells:

 Spells                   Type           Power      Damage    Failure   Level
 Gell's Gravitas          Tloc           0%         N/A       99%         3
 Teleport Other           Tloc           0%         N/A       99%         3
 Dispersal                Tloc           0%         N/A       100%        6


Dungeon Overview and Level Annotations

Branches:
Dungeon (7/15)
 Temple: D:4-7

Altars:
Nemelex Xobeh
Lugonu


Message History

You hit the orc but do no damage.
The orc is severely wounded.
You hit the orc. The orc hits you but does no damage.
The orc closely misses you. The orc barely misses you.
You hit the orc.
You kill the orc!
Lugonu accepts your kill.
You barely miss the orc. The orc hits you with a +0 club.
You barely miss the orc.
The orc is moderately wounded.
The orc hits you with a +0 club.
You hit the orc.
The orc is severely wounded.
The orc barely misses you.
You barely miss the orc.
The orc is severely wounded.
The orc hits you with a +0 club. x2
You slash the orc!
You kill the orc!
Lugonu accepts your kill.
You have reached level 5!
You feel stronger.
You start resting.
A wight comes into view. It is wielding a +0 long sword.
A wight is nearby!
A wight is nearby!
A wight is nearby!
A wight comes into view. It is wielding a +0 halberd.
The wight moves out of view.
You feel very mighty all of a sudden.
You closely miss the wight.
The wight hits you with a +0 long sword!
You feel drained.
You completely miss the wight. You block the wight's attack.
The wight hits you with a +0 long sword!
* * * LOW HITPOINT WARNING * * *
The wight hits you with a +0 halberd!
* * * LOW HITPOINT WARNING * * *
The wight hits you with a +0 long sword.
You die...

#...# ##### #...##
#...# #.... #...#
#...# #...## #...#
#....# #...#
#..@.####...#
#..zz.......#
#>..##....#.##
#########....#####
#.##.....#
#.###..#.# ≈
#)........#.o
.........))#
........###.#


You could see 2 wights.

Vanquished Creatures
  An orc wizard (D:6)
  2 adders (D:3)
  2 worms (D:2)
  A dart slug (D:1)
  3 orcs (D:6)
  4 ball pythons
  4 bats
  An endoplasm (D:3)
  5 giant cockroaches
  7 goblins
  3 hobgoblins
  4 jackals (D:1)
  3 quokkas
  A frilled lizard (D:1)
  12 kobolds
  4 rats
57 creatures vanquished.

Notes
Turn   | Place    | Note
-------+----------+-------------------------------------------
     0 | D:1      | dolemite99 the Hill Orc Fighter began the quest for the
                  | Orb.
     0 | D:1      | Reached XP level 1. HP: 19/19 MP: 1/1
   101 | D:1      | Reached skill level 3 in Axes
   194 | D:1      | Reached XP level 2. HP: 19/26 MP: 2/2
   309 | D:1      | Found a faded altar of an unknown god.
   355 | D:1      | Reached skill level 4 in Axes
   358 | D:1      | Prayed at the altar of an unknown god.
   358 | D:1      | Became a worshipper of Lugonu the Unformed
   358 | D:1      | Reached * piety under Lugonu
   358 | D:1      | Reached ** piety under Lugonu
   661 | D:1      | Reached XP level 3. HP: 31/31 MP: 3/3
  1348 | D:2      | Reached skill level 5 in Axes
  2131 | D:2      | Reached XP level 4. HP: 39/39 MP: 4/4
  2527 | D:3      | Reached skill level 6 in Axes
  3149 | D:4      | You fall into a shaft and drop 3 floors!
  3211 | D:6      | Found a sparkling altar of Nemelex Xobeh.
  3233 | D:6      | Reached XP level 5. HP: 27/45 MP: 5/5
  3274 | D:6      | HP: 2/43 [wight (11)]
  3274 | D:6      | Slain by a wight

Illustrated notes

Levels and vault maps discovered:
D:1:      minmay_arrival_floating_metal, layout_loops_ring,
          nicolae_ecumenical_lake_church
D:2:      layout_basic, grunt_ministairs_13
D:3:      layout_basic
D:4:      layout_loops_cross, lemuel_crystal_altar, corner_web_ring
D:6:      layout_rooms, fedhas_altar_3, mainiacjoe_overflow_paths
D:7:      layout_loops_ring, minmay_temple_entry_mini_moons

Skill      XL: |  1  2  3  4 |
---------------+-------------+-----
Axes           | 3 4 5 6 |  6.6
Fighting       | |  3.6
Armour         | |  3.2
Shields        | |  3.2

Action                   |  1- 3 |  4- 6 || total
-------------------------+-------+-------++-------
Melee: War axe           |   118 |    45 ||   163
Throw: Stone             |    10 |     4 ||    14
  Use: Scroll            |       |     3 ||     3
       Potion            |       |     1 ||     1
Armor: Scale mail        |    60 |    23 ||    83
Dodge: Dodged            |    65 |    19 ||    84
Block: Buckler           |    25 |     9 ||    34

Table legend: (Time is in decaauts)
 A = Elapsed time spent in this place.
 B = Non-inter-level travel time spent in this place.
 C = Inter-level travel time spent in this place.
 D = Time resting spent in this place.
 E = Time spent auto-exploring this place.
 F = Levels seen in this place.
 G = Mean time per level.
                   A        B        C        D        E       F      G
               +--------+--------+--------+--------+--------+-----+--------+
         Total |   3341 |   3246 |     95 |    574 |   2099 |   6 |  556.8 |
       Dungeon |   3341 |   3246 |     95 |    574 |   2099 |   6 |  556.8 |
               +--------+--------+--------+--------+--------+-----+--------+

Top non-repeatable levels by time:
     D:1: 1384 daAuts
     D:2: 925 daAuts
     D:3: 853 daAuts
     D:6: 103 daAuts
     D:4: 48 daAuts
     D:7: 26 daAuts
